 Dungeon Crawl Stone Soup version 0.22.1-2-g9c5b331383 (webtiles) character file.

425 Ihlosi the Cutter (level 7, -5/42 HPs)
             Began as a Kobold Gladiator on Dec 13, 2018.
             Killed by divine providence
             ... invoked by an orc priest
              (10 damage)
             ... on level 4 of the Dungeon.
             The game lasted 00:07:24 (2975 turns).

Ihlosi the Cutter (Kobold Gladiator)                Turns: 2975, Time: 00:07:25

Health: -5/42      AC:  8    Str: 14    XL:     7   Next: 18%
Magic:  7/7        EV: 17    Int: 10    God:
Gold:   250        SH:  0    Dex: 17    Spells: 6/6 levels left

rFire    . . .     SeeInvis .   a - +1 rapier
rCold    . . .     Gourm    .   (shield restricted)
rNeg     . . .     Faith    .   b - +0 leather armour
rPois    .         Spirit   .   (helmet restricted)
rElec    .         Reflect  .   (no cloak)
rCorr    .         Harm     .   k - +1 pair of gloves
MR       .....                  (no boots)
Stlth    ++++......             (no amulet)
HPRegen  0.14/turn              h - ring of stealth
MPRegen  0.10/turn              m - +3 ring of protection

@: no status effects
A: small, antennae 1, carnivore, strong 1
a: no special abilities


You were on level 4 of the Dungeon.
You were completely stuffed.

You visited 1 branch of the dungeon, and saw 4 of its levels.

You collected 250 gold pieces.

Inventory:

Hand Weapons
 a - a +1 rapier (weapon)
 e - a +3 spear
 l - a +0 long sword
 r - a +0 blowgun
Missiles
 d - 3 throwing nets (quivered)
 s - 10 poisoned needles
Armour
 b - a +0 leather armour (worn)
 c - a +0 helmet
 k - a +1 pair of gloves (worn)
 q - a +2 buckler
Jewellery
 h - a ring of stealth (left hand)
 m - a +3 ring of protection (right hand)
 p - a +6 amulet of reflection
Comestibles
 f - 4 rations


   Skills:
 * Level 3.6 Fighting
 + Level 5.6 Short Blades
 - Level 2.1 Throwing
 * Level 2.2 Armour
 * Level 5.4 Dodging
 * Level 4.2 Stealth


You had 6 spell levels left.
You didn't know any spells.
Your spell library was empty.

Dungeon Overview and Level Annotations

Branches:
Dungeon (4/15)
 Temple: D:4-7

Altars:
Nemelex Xobeh
Trog


Innate Abilities, Weirdness & Mutations

You are small and have problems with some larger weapons.
You are carnivorous and can eat meat at any time.
You have a pair of small antennae on your head.
Your muscles are strong. (Str +2)


Message History

You feel aware of your surroundings.
You sensed 1 altar.
It was a scroll of magic mapping.
The orc wizard barely misses you.
As you read the scroll labeled WOUROTW SEGEX, it crumbles to dust.
You feel blessed for a moment.
It was a scroll of remove curse.
The orc wizard casts a spell.
The orc wizard flickers and vanishes!
Deactivating autopickup; reactivate with Ctrl-A.
You closely miss something.
You aren't carrying any potions.
You aren't carrying any scrolls.
You hit something.
The orc priest looks satisfied for a moment.
You hit something. Something hits you.
* * * LOW HITPOINT WARNING * * *
The orc throws a tomahawk.
The tomahawk hits you.
* * * LOW HITPOINT WARNING * * *
You hit something.
The orc priest mumbles some strange prayers to Beogh against you.
Beogh smites you!
You die...

# # ######### #........
#........ ### #........
###.##############
#@{o......########
#######o###...........
#....o.(o.>...........
##.....o##.........[..
***#+#....##.######.##..
*,,.....................
*,..........#######.##..
*,..........*#.<....##..
*,....o.....*#########..


You could see an orc priest, an orc wizard and an orc.

Vanquished Creatures
  A big kobold (D:3)
  3 hounds (D:4)
  2 orc priests (D:4)
  2 orc wizards (D:4)
  Terence (D:2)
  A worker ant (D:4)
  4 adders
  A worm (D:2)
  A dart slug (D:1)
  3 leopard geckos
  9 orcs
  A giant cockroach (D:1)
  5 goblins
  6 hobgoblins
  6 kobolds
  6 bats
  4 frilled lizards
  10 rats
66 creatures vanquished.

Notes
Turn   | Place    | Note
-------+----------+-------------------------------------------
     0 | D:1      | Ihlosi the Kobold Gladiator began the quest for the Orb.
     0 | D:1      | Reached XP level 1. HP: 12/12 MP: 1/1
   371 | D:1      | Reached XP level 2. HP: 17/17 MP: 2/2
   602 | D:1      | Reached skill level 1 in Stealth
   707 | D:1      | Reached XP level 3. HP: 22/22 MP: 3/3
   791 | D:2      | Noticed Terence
   801 | D:2      | Killed Terence
   801 | D:2      | Reached skill level 1 in Armour
   801 | D:2      | Reached XP level 4. HP: 27/27 MP: 4/4
   816 | D:2      | Found a bloodstained altar of Trog.
  1622 | D:3      | Reached XP level 5. HP: 26/31 MP: 5/5
  1890 | D:3      | Found a sparkling altar of Nemelex Xobeh.
  1995 | D:3      | Noticed a big kobold
  2047 | D:3      | Killed a big kobold
  2047 | D:3      | Reached skill level 5 in Dodging
  2509 | D:4      | Reached XP level 6. HP: 37/37 MP: 6/6
  2552 | D:4      | Reached skill level 5 in Short Blades
  2568 | D:4      | Gained mutation: You tend to lose your temper in combat.
                  | [potion of mutation]
  2568 | D:4      | Gained mutation: You have large cloven feet. [potion of
                  | mutation]
  2597 | D:4      | Lost mutation: You tend to lose your temper in combat.
                  | [potion of mutation]
  2597 | D:4      | Lost mutation: You have large cloven feet. [potion of
                  | mutation]
  2597 | D:4      | Gained mutation: Your magical capacity is low. (-10% MP)
                  | [potion of mutation]
  2597 | D:4      | Lost mutation: Your magical capacity is low. (-10% MP)
                  | [potion of mutation]
  2597 | D:4      | Gained mutation: Your muscles are strong. (Str +2) [potion
                  | of mutation]
  2597 | D:4      | Gained mutation: You have a pair of small antennae on your
                  | head. [potion of mutation]
  2711 | D:4      | Reached XP level 7. HP: 26/41 MP: 7/7
  2975 | D:4      | Killed from afar by an orc priest

Skill      XL: |  1  2  3  4  5  6 |
---------------+-------------------+-----
Dodging        | 4 5 |  5.4
Stealth        | 1 2 3 4 |  4.2
Armour         | 1 2 |  2.2
Fighting       | 3 |  3.6
Short Blades   | 5 |  5.6
Throwing       | |  2.1

Action                   |  1- 3 |  4- 6 |  7- 9 || total
-------------------------+-------+-------+-------++-------
Melee: Rapier            |    11 |   143 |    35 ||   189
       Spear             |    40 |    44 |       ||    84
       Kick              |       |     2 |       ||     2
  Use: Potion            |       |     8 |       ||     8
       Scroll            |       |       |     6 ||     6
 Stab: Sleeping          |     2 |     6 |       ||     8
  Eat: Chunk             |     5 |     9 |     1 ||    15
Armor: Leather armour    |    15 |    38 |     7 ||    60
Dodge: Dodged            |    52 |   135 |    27 ||   214
